AoeStats
← tomi09

Arena

507520994Analyzed
1v1 RM · 14d ago on Sep 18, 2026· 53m 18s· 2 players
Game mode
Random Map
Map size
Tiny (2 player)
Population
200
Speed
Normal
Resources
Standard
Victory
Conquest
Starting age
Dark Age
Ending age
Imperial Age
RankedLock teamsTeams togetherTeam positionsShared explorationLock speedFull tech treeHidden civsTurbo modeCheats
Victory
Defeat
🇺🇸 Magyars · United States
1139
+15
🇦🇹 Khmer · Austria
1127
-15
tomi09
10:48 Feudal Age
14:24 Castle Age
12:36 Loom
14:15 Double-Bit Axe
14:12 Horse Collar
18:32 Bow Saw
18:51 Heavy Plow
21:48 Wheelbarrow
21:00 Town Watch
25:57 Stone Mining
25:58 Gold Mining
30:30 Imperial Age
27:56 Light Cavalry
29:04 Bloodlines
28:55 Husbandry
30:40 Gold Shaft Mining
30:42 Stone Shaft Mining
30:38 Scale Barding Armor
30:24 Fletching
30:35 Padded Archer Armor
30:50 Forging
30:53 Hussar
33:11 Chain Barding Armor
34:55 Plate Barding Armor
35:08 Conscription
34:45 Capped Ram
37:32 Siege Ram
39:06 Iron Casting
38:26 Bodkin Arrow
38:47 Leather Archer Armor
40:56 Murder Holes
41:23 Ballistics
41:31 Bracer
42:31 Blast Furnace
41:23 Pikeman
42:06 Scale Mail Armor
42:28 Masonry
43:19 Chemistry
43:57 Halberdier
51:03 Chain Mail Armor
Phoenix
11:47 Feudal Age
15:13 Castle Age
19:39 Wheelbarrow
18:54 Double-Bit Axe
22:44 Bow Saw
23:06 Horse Collar
23:35 Gold Mining
25:22 Hand Cart
26:24 Loom
26:26 Town Watch
26:54 Heavy Plow
30:30 Imperial Age
28:24 Scale Barding Armor
28:59 Bloodlines
29:13 Corvinian Army
30:08 Treadmill Crane
31:39 Conscription
30:41 Cavalier
31:32 Husbandry
32:20 Chain Barding Armor
32:23 Fletching
32:41 Paladin
35:30 Plate Barding Armor
38:54 Light Cavalry
40:30 Hussar
42:24 Siege Engineers
42:14 Murder Holes
42:30 Masonry
45:26 Elite Magyar Huszar
47:43 Bodkin Arrow
48:59 Elite Skirmisher
50:16 Bracer
Connection lost

Rejoining the realm…

Still unreachable

The connection could not be restored.

Session expired

The server has moved on; the page needs a fresh start.